[Event "4NCL Div 1 2024-25"]
[Site "England"]
[Date "2024.11.24"]
[Round "2.16"]
[White "Terbe, Julianna"]
[Black "Pert, Nina"]
[Result "1-0"]
[Annotator "RC"]
[ECO "A96"]
[WhiteElo "2225"]
[BlackElo "1984"]
[PlyCount "95"]
[EventDate "2024.11.23"]
[EventType "team-tourn"]
[EventCountry "ENG"]
[SourceTitle "playchess.com"]
[Source "ChessBase"]
[SourceQuality "1"]
[TimeControl "40/6000+30:3000+30"]

1. d4 e6 2. c4 f5 3. g3 Nf6 4. Bg2 Be7 5. Nf3 O-O 6. O-O d6 7. Nc3 Ne4 8. Nxe4 fxe4 9. Ne1 d5 10. Be3 Nd7 11. f3 Nb6 12. cxd5 Nc4 13. Qc1 Nxe3 14. Qxe3 exf3 15. exf3 exd5 16. Nd3 Qd6 17. Rae1 Bf6 18. f4 b6 19. Kh1 c6 20. Ne5 Ba6 21. Rf3 Rae8 22. Qa3 Bxe5 23. dxe5 Qxa3 24. Rxa3 Bc4 25. Rxa7 Ra8 26. Rb7 Rfb8 27. Rxb8+ Rxb8 28. b3 Ba6 29. Kg1 Kf8 30. Kf2 Ke7 31. g4 Ra8 32. a4 b5 33. Rc1 Kd7 34. a5 b4 35. Ke3 Rb8 36. Kd4 Be2 37. g5 g6 38. Bh3+ Kc7 39. f5 Ba6 40. f6 Rh8 41. e6 Kd6 42. e7 Bb5 43. a6 Ra8 44. a7 Rh8 45. Bf1 c5+ 46. Rxc5 Bxf1 47. Rxd5+ Kc7 48. f7 1-0

[Event "4NCL Div 1 2024-25"]
[Site "England"]
[Date "2024.11.24"]
[Round "2.17"]
[White "Emms, John M"]
[Black "Makkar, Rajat"]
[Result "0-1"]
[Annotator "TA"]
[ECO "B22"]
[WhiteElo "2413"]
[BlackElo "2432"]
[PlyCount "86"]
[EventDate "2024.11.23"]
[EventType "team-tourn"]
[EventCountry "ENG"]
[SourceTitle "playchess.com"]
[Source "ChessBase"]
[SourceQuality "1"]
[TimeControl "40/6000+30:3000+30"]

1. e4 c5 2. c3 e5 3. Nf3 Nc6 4. Bc4 Nf6 5. d3 Be7 6. O-O O-O 7. Re1 d6 8. Nbd2 {[%emt 0:00:49][%cal Bb1d2,Bd2f1,Bf1g3][%mdl 32] White has an edge.} Be6 9. Bxe6 fxe6 10. Rb1 a6 11. b4 b5 12. a3 Nh5 13. Nf1 Qe8 14. Be3 Qg6 15. Ng3 Nf4 16. d4 c4 17. d5 Nd8 18. Bxf4 exf4 19. Nf1 e5 20. a4 Qf6 21. Ra1 {[%emt 0:00:58] Strongly threatening axb5.} Nf7 22. h3 h5 23. N3h2 Qh6 24. Re2 Ng5 25. f3 (25. Nd2 $11) 25... Bd8 $17 {[%emt 0:00:07] Black is more active.} 26. Kh1 {[%emt 0:00:36] Hoping for axb5. White is weak on the dark squares} Bb6 27. axb5 axb5 28. Rxa8 $2 {[%emt 0:00:21] Now White is beyond hope.} (28. Rea2 $17 Rab8 29. Ra3) 28... Rxa8 $19 29. Qb1 Qg6 {[%emt 0:07:56][%cal Og5h3] ...Nxh3! would now be deadly.} 30. Ra2 $2 (30. Nd2) 30... Rxa2 31. Qxa2 {[%emt 0:00:01] [#]} Nxh3 $1 {[%emt 0:00:20][%mdl 512] White must now prevent ...Nf2+.} 32. Qa6 Nf2+ 33. Kg1 Be3 (33... Nxe4+ $2 34. Qxb6 Nxc3 35. Nd2 $19) 34. Qxb5 Ba7 (34... Nd3+ $142 35. Kh1 Ne1 36. Nxe3 fxe3) 35. Qb7 (35. Qa6 $142 Qf7 36. Qxc4) 35... Qf7 {[%emt 0:00:39] ( -> ...Nd1+)} 36. Qc8+ Kh7 37. Qxc4 (37. g3 $142 h4 (37... Nxe4+ 38. Kg2 $11) 38. Qd8 hxg3 39. Kg2) 37... Nxe4+ 38. Kh1 Nf2+ 39. Kg1 h4 {[%emt 0:02:52] And now ...h3 would win.} 40. Qa2 Ne4+ {[%emt 0:00:39] Black mates.} 41. Kh1 {[%emt 0:21:19] [#]} Ng3+ $1 (41... Nxc3 42. Qc2+ Kg8 43. Qxc3 $18) 42. Nxg3 hxg3 ({Less strong is} 42... fxg3 43. Nf1 $15) 43. Qc2+ Kh8 {[%emt 0:00:22] Weighted Error Value: White=0.83/Black=0.21 (precise) .  Loses game:     	White=1     	---        Mistake:       	White=2     	---        Inaccurate:     	White=5     	Black=1      OK:         	White=8     	Black=8      Best:        	White=1     	Black=2} 0-1

[Event "4NCL Div 1 2024-25"]
[Site "England"]
[Date "2024.11.24"]
[Round "2.18"]
[White "Roberson, Peter T"]
[Black "Navrotescu, Andreea"]
[Result "1/2-1/2"]
[Annotator "TA"]
[ECO "B67"]
[WhiteElo "2432"]
[BlackElo "2338"]
[PlyCount "70"]
[EventDate "2024.11.23"]
[EventType "team-tourn"]
[EventCountry "ENG"]
[SourceTitle "playchess.com"]
[Source "ChessBase"]
[SourceQuality "1"]
[TimeControl "40/6000+30:3000+30"]

1. e4 c5 2. Nf3 d6 3. d4 cxd4 4. Nxd4 Nf6 5. Nc3 Nc6 6. Bg5 e6 7. Qd2 a6 8. O-O-O Bd7 9. Kb1 Nxd4 10. Qxd4 Be7 11. f3 b5 {[%emt 0:01:15] White is slightly better.} 12. Qd2 ({White should play} 12. Bxf6 $14 gxf6 13. f4) 12... b4 $1 $15 13. Ne2 {[%emt 0:00:08][%cal Bc3e2,Be2d4,Bd4f3,Bf3e5][%mdl 32] [#]} Nxe4 $1 14. fxe4 {[%emt 0:00:36] Hoping for Bxe7.} Bxg5 15. Qxd6 Ba4 {[%emt 0:10:11] This pair of bishops is nice.} 16. Qxd8+ Bxd8 17. Nd4 Bb6 {[%emt 0:08:21] [#] aiming for ...Rd8.} 18. b3 Bd7 19. Nf3 Ke7 {[%emt 0:03:25] Dodges Rd6} 20. Ne5 Be8 21. Be2 Bc7 22. Nc4 Bb5 23. Rd3 Rhd8 24. h3 Bc6 25. Bf3 Rxd3 26. cxd3 Rd8 27. Kc2 Bb8 28. a3 bxa3 29. Ra1 Ba7 30. Rxa3 Bb5 31. e5 Bc5 32. Ra2 Rd7 33. Be4 Rc7 34. Kc3 Rd7 35. Kd2 (35. Kc2 $1 $11) 35... h5 {[%emt 0:12:03] Weighted Error Value: White=0.11 (very precise) /Black=0.05 (flawless) .  Mistake:       	White=2     	---        Inaccurate:     	---       	Black=1      OK:         	White=11    	Black=10     Best:        	---       	Black=1      Strong:       	---       	Black=1      Brilliant:      	---       	Black=1} 1/2-1/2

[Event "4NCL Div 1 2024-25"]
[Site "England"]
[Date "2024.11.24"]
[Round "2.19"]
[White "Camacho Collados, Jose"]
[Black "Ghasi, Ameet K"]
[Result "1/2-1/2"]
[Annotator "RC"]
[ECO "A48"]
[WhiteElo "2348"]
[BlackElo "2503"]
[PlyCount "111"]
[EventDate "2024.11.23"]
[EventType "team-tourn"]
[EventCountry "ENG"]
[SourceTitle "playchess.com"]
[Source "ChessBase"]
[SourceQuality "1"]
[TimeControl "40/6000+30:3000+30"]

1. d4 Nf6 2. Nf3 g6 3. Bg5 Bg7 4. Nbd2 O-O 5. c3 d6 6. e4 c5 7. dxc5 dxc5 8. Bc4 Nc6 9. O-O Qc7 10. a4 h6 11. Bxf6 exf6 12. Re1 b6 13. Nf1 Bb7 14. Ne3 Rad8 15. Qc2 Rfe8 16. Rad1 Na5 17. Rxd8 Rxd8 18. Bd5 Bc8 19. b4 Nb7 20. Qb3 Nd6 21. Nh4 Kf8 22. g3 Re8 23. Nc4 Nxc4 24. Qxc4 f5 25. bxc5 g5 26. Nf3 Qxc5 27. Bxf7 Rxe4 28. Rxe4 fxe4 29. Nd4 Qxc4 30. Bxc4 Bxd4 31. cxd4 Bh3 32. Bd5 Bd7 33. Bxe4 Bxa4 34. f4 gxf4 35. gxf4 Bb3 36. Kf2 a5 37. Ke3 a4 38. Kd2 a3 39. Kc3 a2 40. Kb2 b5 41. Bc6 b4 42. d5 Ke7 43. f5 Bc4 44. Ka1 b3 45. Bb7 Bd3 46. Bc8 Bc4 47. Bb7 Be2 48. Bc8 h5 49. Be6 Bd1 50. h4 Bc2 51. Kb2 Be4 52. d6+ Kxd6 53. Bxb3 Bxf5 54. Bf7 Bg4 55. Bxh5 Bxh5 56. Kxa2 1/2-1/2

[Event "4NCL Div 1 2024-25"]
[Site "England"]
[Date "2024.11.24"]
[Round "2.20"]
[White "O`Gorman, Tom"]
[Black "Chow, Samuel"]
[Result "1-0"]
[Annotator "TA"]
[ECO "C18"]
[WhiteElo "2380"]
[BlackElo "2348"]
[PlyCount "93"]
[EventDate "2024.11.23"]
[EventType "team-tourn"]
[EventCountry "ENG"]
[SourceTitle "playchess.com"]
[Source "ChessBase"]
[SourceQuality "1"]
[TimeControl "40/6000+30:3000+30"]

1. e4 e6 2. d4 d5 3. Nc3 Bb4 4. e5 c5 5. a3 Bxc3+ 6. bxc3 Ne7 7. h4 Qc7 8. h5 h6 9. Rb1 Nbc6 10. Qg4 Rg8 11. Bd3 c4 12. Bh7 {[%emt 0:00:25] [#]} Nxe5 $1 13. dxe5 (13. Qg3 Nd3+) 13... Qxe5+ 14. Ne2 Rh8 15. O-O Rxh7 16. Nd4 Qb8 ({Better is} 16... Kf8 $1 $15) 17. Re1 $14 {[%emt 0:19:32][%mdl 1024] White has compensation. White is much more active. The black rooks are passive.} e5 {[%emt 0:04:10] Dodges Bf4} (17... Bd7 $14) 18. Qg3 $18 f6 {[%emt 0:08:30][%cal Oc8d7] [#]} (18... exd4 $2 19. Bf4 $18) 19. a4 (19. f4 e4 $11 (19... exd4 20. Qg6+ Kf8 21. Qxh7 $16)) (19. Bf4 $1 $18 {[%cal Re1e5] Rxe5! is the strong threat.} Bd7 (19... exf4 $2 20. Qg6+ Kf8 21. Qxh7 $18) 20. Nf3) 19... Kf7 $2 (19... exd4 $2 20. Bf4 $18 (20. Qg6+ Kd7 $18)) (19... g5 $1 $14) 20. Ba3 Qc7 {[%emt 0:05:44] [#]} 21. f4 $1 e4 (21... exf4 $2 22. Rxe7+ Qxe7 23. Qg6+ (23. Qxf4 $2 Qxa3 24. Nb5 Qc5+ 25. Kh2 Kg8 $19) 23... Kg8 24. Bxe7 $18) 22. Nb5 $1 Qd7 23. Bxe7 Qxe7 {[%emt 0:14:00] [#]} 24. Qg6+ $1 Kg8 {[%emt 0:00:10] [#]} 25. Nc7 $1 Bf5 (25... Qc5+ $6 26. Kh1 Bd7 27. Nxa8 $18) 26. Qxf5 Qc5+ 27. Kh1 Qxc7 28. Qxd5+ Qf7 29. Qxf7+ ({Don't do} 29. Qxe4 $6 Qxh5+ 30. Kg1 g5 $18 (30... Qc5+ 31. Kf1 $16)) 29... Kxf7 30. Rxb7+ {[%emt 0:00:11][%mdl 4096] Endgame KRR-KRR} Ke6 31. Rxe4+ Kf5 32. Rxc4 a6 33. Kh2 Kg4 34. Rc5 Rd8 35. Rb6 (35. a5 $18) 35... Rd2 (35... Rhh8 $16 36. Rxa6 Rd2) 36. Rxa6 Rxc2 $2 (36... Rh8 37. Rc7 Rg8) 37. Ra7 Kxf4 38. a5 Ra2 39. Rc8 {[%emt 0:01:50] Prevents Rh8} Kg4 40. c4 f5 (40... Kxh5 $142 41. c5 Kg6) 41. c5 f4 42. Rf8 Rc2 43. Re7 Rxc5 44. a6 Rxh5+ 45. Kg1 Kg3 46. a7 Rc5 47. Kf1 (47. a8=B $2 {gets mated.} Rc1+) 1-0

[Event "4NCL Div 1 2024-25"]
[Site "England"]
[Date "2024.11.24"]
[Round "2.21"]
[White "Turner, Max N"]
[Black "Slaby, Jerzy"]
[Result "0-1"]
[Annotator "TA"]
[ECO "D94"]
[WhiteElo "2247"]
[BlackElo "2468"]
[PlyCount "80"]
[EventDate "2024.11.23"]
[EventType "team-tourn"]
[EventCountry "ENG"]
[SourceTitle "playchess.com"]
[Source "ChessBase"]
[SourceQuality "1"]
[TimeControl "40/6000+30:3000+30"]

1. d4 Nf6 2. c4 c6 3. Nf3 d5 4. Nc3 a6 5. e3 g6 6. Be2 Bg7 7. O-O O-O 8. b3 Bg4 9. Bb2 Nbd7 10. Rc1 e6 {[%emt 0:00:42] White is slightly better.} 11. h3 Bxf3 12. Bxf3 b5 13. Qe2 bxc4 14. bxc4 Nb6 {[%emt 0:00:17] Inhibits Na4.} 15. c5 Nc4 16. Na4 {[%emt 0:01:37] Rxc4 is the strong threat.} Nxb2 17. Qxb2 Rb8 {[%emt 0:00:07] Prevents Qb7.} 18. Qd2 {[%emt 0:11:38] [#]} e5 19. Rb1 (19. dxe5 $14 Nd7 20. e6 fxe6 21. Bg4) 19... Rb5 20. Nb6 (20. dxe5 $11 Nd7 21. e6 fxe6 22. Bg4) 20... exd4 $17 21. exd4 Re8 ({Better is} 21... Rxb1 $1 $15 22. Rxb1 Re8) 22. a4 $2 {[%emt 0:03:00] Now White is beyond hope.} (22. Rbe1 $1 $11 {and White is okay.}) 22... Rxb1 $19 23. Rxb1 Ne4 24. Qb2 Ng5 {[%emt 0:03:39] [#] Hoping for ...Nxf3+.} 25. Bg4 f5 26. Be2 Ne6 27. Bxa6 Bxd4 28. Qc2 (28. Qd2 {was the only defense.} Bxc5 29. a5) 28... Nxc5 {[%emt 0:01:58][%cal Oc5e4] Threatens to win with ...Ne4!} (28... Bxc5 29. a5 $17) 29. Bf1 $2 {[%emt 0:01:41] White is weak on the dark squares} (29. Qd2 Qh4 30. Bf1) 29... Ne4 30. Qxc6 Bxf2+ 31. Kh1 Ng3+ 32. Kh2 Nxf1+ (32... Qb8 $142 33. Qxe8+ Qxe8 34. Nc4 dxc4 (34... Nxf1+ $2 35. Rxf1 dxc4 36. Rxf2 $19) 35. Bxc4+ Kg7 36. Bd5 Qe5 (36... Qxa4 {gets mated.} 37. Rb7+ Kh6 38. Rb2) 37. Rb7+ Kh6 38. Rxh7+ Kxh7 39. Bg8+ Kxg8 40. a5 Nf1+ 41. Kh1 Qh2#) 33. Rxf1 Bxb6 (33... Qxb6 34. Qxe8+ Kg7 35. Qe5+ Kf8 36. Rd1 $18 (36. Qxd5 Be3 $18) (36. a5 Qe3 $18)) 34. Kh1 Kf7 {[%emt 0:06:04] Strongly threatening ...d4.} 35. Rb1 Bc7 36. Rc1 Re7 {[%emt 0:00:17] And now ...d4 would win.} 37. Qb5 Qd6 {[%emt 0:00:10][%csl Gc7][%cal Rd6h2] Black mates.} 38. g3 Qxg3 39. Qxd5+ Kg7 40. Qd4+ Be5 {[%emt 0:00:19] Weighted Error Value: White=1.08/Black=0.28 (precise) .  Loses game:     	White=1     	---        Mistake:       	White=4     	Black=2      Inaccurate:     	White=3     	Black=1      OK:         	White=3     	Black=10     Best:        	---       	Black=3} 0-1

[Event "4NCL Div 1 2024-25"]
[Site "England"]
[Date "2024.11.24"]
[Round "2.22"]
[White "Dong, Bao Nghia"]
[Black "Li, Harry"]
[Result "1-0"]
[Annotator "RC"]
[ECO "C78"]
[WhiteElo "2247"]
[BlackElo "2203"]
[PlyCount "85"]
[EventDate "2024.11.23"]
[EventType "team-tourn"]
[EventCountry "ENG"]
[SourceTitle "playchess.com"]
[Source "ChessBase"]
[SourceQuality "1"]
[TimeControl "40/6000+30:3000+30"]

1. e4 e5 2. Nf3 Nc6 3. Bb5 a6 4. Ba4 Nf6 5. O-O b5 6. Bb3 Bc5 7. c3 d6 8. d4 Bb6 9. h3 Bb7 10. Re1 O-O 11. Be3 Re8 12. d5 Ne7 13. Bxb6 cxb6 14. Bc2 Ng6 15. Bd3 Bc8 16. a4 bxa4 17. Qxa4 Qc7 18. Nbd2 Bd7 19. Qc4 Qxc4 20. Nxc4 Bb5 21. Bf1 Bxc4 22. Bxc4 a5 23. Bb5 Rec8 24. Nd2 Ne7 25. Nc4 Rd8 26. f3 Kf8 27. b4 axb4 28. cxb4 Rab8 29. Ra6 Nc8 30. Rea1 Ne8 31. Bxe8 Kxe8 32. b5 Rd7 33. Rc1 Kd8 34. Na3 Na7 35. Rc6 Nxc6 36. bxc6 Re7 37. Nb5 g6 38. Kf2 f6 39. Ke3 f5 40. Kd3 fxe4+ 41. fxe4 Rf7 42. Nxd6 Rf2 43. Ra7 1-0

[Event "4NCL Div 1 2024-25"]
[Site "England"]
[Date "2024.11.24"]
[Round "2.23"]
[White "Carroll, Thomas"]
[Black "Price, Gwilym"]
[Result "1/2-1/2"]
[Annotator "RC"]
[ECO "B07"]
[WhiteElo "2126"]
[BlackElo "2223"]
[PlyCount "79"]
[EventDate "2024.11.23"]
[EventType "team-tourn"]
[EventCountry "ENG"]
[SourceTitle "playchess.com"]
[Source "ChessBase"]
[SourceQuality "1"]
[TimeControl "40/6000+30:3000+30"]

1. d4 g6 2. e4 d6 3. Nf3 Bg7 4. c3 Nf6 5. Bd3 O-O 6. O-O Nc6 7. d5 Nb8 8. h3 Na6 9. Bxa6 bxa6 10. Re1 Bb7 11. c4 c6 12. Nc3 cxd5 13. cxd5 Nd7 14. Be3 Qa5 15. Nd4 Rfc8 16. Rc1 Ne5 17. Nb3 Qd8 18. Bd4 Rc4 19. Ne2 Rxc1 20. Nexc1 Nd7 21. Bxg7 Kxg7 22. Qd2 Rc8 23. Qd4+ Kg8 24. Qxa7 Rc7 25. Qd4 Ne5 26. Nd3 Rc4 27. Qe3 Nxd3 28. Qxd3 Qc7 29. Qe3 Rc2 30. Rc1 Rxc1+ 31. Qxc1 Qxc1+ 32. Nxc1 f5 33. f3 fxe4 34. fxe4 e6 35. dxe6 Bxe4 36. Kf2 Bd5 37. g3 Bxe6 38. h4 Kg7 39. a3 Kf6 40. Ne2 1/2-1/2

[Event "4NCL Div 1 2024-25"]
[Site "England"]
[Date "2024.11.24"]
[Round "2.24"]
[White "Hryshchenko, Kamila"]
[Black "Townsend, M Paul"]
[Result "0-1"]
[Annotator "RC"]
[ECO "C00"]
[WhiteElo "2138"]
[BlackElo "2125"]
[PlyCount "124"]
[EventDate "2024.11.23"]
[EventType "team-tourn"]
[EventCountry "ENG"]
[SourceTitle "playchess.com"]
[Source "ChessBase"]
[SourceQuality "1"]
[TimeControl "40/6000+30:3000+30"]

1. e4 e6 2. d3 d5 3. Nd2 c5 4. Ngf3 Nf6 5. g3 Be7 6. Bg2 Nc6 7. O-O O-O 8. Re1 b5 9. e5 Nd7 10. Nf1 Bb7 11. h4 Qc7 12. Bf4 Rfc8 13. Ne3 Nd4 14. Ng5 h6 15. Nxf7 Kxf7 16. c3 Nc6 17. Nxd5 Qd8 18. Qg4 Qh8 19. h5 Nf8 20. d4 cxd4 21. cxd4 Nd8 22. Nxe7 Kxe7 23. Bxb7 Nxb7 24. d5 Nc5 25. Rad1 Qh7 26. b4 Na4 27. dxe6 Nxe6 28. Rd6 Qg8 29. Red1 Rd8 30. Qf3 Qe8 31. Qb3 Nxf4 32. gxf4 Kf8 33. Qd5 Rxd6 34. exd6 Rd8 35. Rd3 Nb6 36. Qf5+ Kg8 37. Qe5 Nc4 38. Qd5+ Qf7 39. Qxb5 Nxd6 40. Qe5 Qf6 41. Qe3 a6 42. a4 Re8 43. Qb6 Nf7 44. Qxf6 gxf6 45. f3 Rd8 46. Rc3 Rd4 47. Rb3 Rxf4 48. b5 axb5 49. a5 Ra4 50. Rxb5 Ra2 51. f4 Kg7 52. Rd5 Kf8 53. Rb5 Nd6 54. Rb8+ Ke7 55. Ra8 Ke6 56. a6 Kf5 57. a7 Nb5 58. Rh8 Rxa7 59. Rxh6 Nd4 60. Kf2 Ne6 61. Rh8 Nxf4 62. h6 Ng6 0-1

[Event "4NCL Div 1 2024-25"]
[Site "England"]
[Date "2024.11.24"]
[Round "2.25"]
[White "Olson, Hamish"]
[Black "Golding, Alex"]
[Result "0-1"]
[Annotator "TA"]
[ECO "A48"]
[WhiteElo "2374"]
[BlackElo "2404"]
[PlyCount "100"]
[EventDate "2024.11.23"]
[EventType "team-tourn"]
[EventCountry "ENG"]
[SourceTitle "playchess.com"]
[Source "ChessBase"]
[SourceQuality "1"]
[TimeControl "40/6000+30:3000+30"]

1. d4 Nf6 2. Nf3 b6 3. Bf4 Bb7 4. e3 d6 5. h3 g6 6. Be2 Bg7 7. O-O O-O 8. a4 a5 9. c3 Nbd7 10. Nbd2 Re8 {[%emt 0:00:25] A48: 1 d4 Nf6 2 Nf3 g6: Torre, London and Colle Systems.} 11. Bb5 e5 12. dxe5 dxe5 13. Bh2 Qe7 14. Qc2 Red8 15. Rfd1 Ne8 16. Rab1 $146 (16. Ne4 $11) ({Predecessor:} 16. Ne4 Nc5 17. Nxc5 Bxf3 18. gxf3 Qxc5 19. Qe4 Nd6 20. Qc6 Qxc6 21. Bxc6 Rac8 22. Rab1 {0-1 Rechtman,M (2437)-Pavoni,F (2441) Mare Nostrum tt 2nd B03 corr 2002}) 16... Nd6 $15 17. Be2 Bc6 18. Ra1 Nc5 19. b3 Nf5 (19... Bf6 $15) 20. Ne1 (20. Nc4 $11) 20... Nd6 ({Black should play} 20... e4 $15) 21. Bf3 (21. Nef3 $11 {remains equal.}) 21... e4 $17 22. Be2 Bd5 23. b4 {[%emt 0:07:30] [#]} Nd3 (23... axb4 $1 $17 24. cxb4 Na6 (24... Bxa1 25. bxc5 Nf5 26. Rxa1 $18)) 24. Nxd3 exd3 25. Bxd3 (25. Qxd3 $2 Nc4 26. b5 (26. Nxc4 $2 Be4 $19) 26... Nxd2 (26... Nb2 27. Qc2 $17) 27. Qxd2 (27. Rxd2 $2 Be4 $19) 27... Bb3 $19 (27... Bxg2 28. Qa2 $17)) 25... axb4 26. cxb4 Bxa1 27. Rxa1 Nb7 28. Qc3 (28. Qxc7 $2 Qxb4 29. Nf1 Rac8 $19 (29... Rxa4 30. Rb1 $17)) (28. Bxc7 $2 Rdc8 29. Rc1 Nd6 $19 (29... Qxb4 $2 30. Qd1 $17)) 28... c5 29. b5 f6 (29... Na5 {with more complications.} 30. Bc2 Bb7 31. Bf4 Rd7) 30. e4 Bf7 31. Nf3 c4 32. Bc2 Nc5 33. e5 Nd3 34. exf6 Qb4 35. Be5 Qxc3 36. Bxc3 Rd5 37. Nd4 Rd6 38. Nc6 Bd5 39. Ne7+ Kf7 40. Rd1 (40. Nxd5 $5 Rxd5 41. Bd1 $11) 40... Bb7 41. a5 ({White must play} 41. h4 $11) 41... bxa5 $15 42. Bb1 $1 Rxf6 $1 43. Bxf6 Kxf6 44. Bxd3 cxd3 ({Much weaker is} 44... Kxe7 $6 45. Bxc4 a4 46. f3 $11) 45. Nc6 $1 Bxc6 (45... a4 $1 $15 46. Rxd3 a3) 46. bxc6 $11 a4 47. c7 $2 {[%emt 0:05:26] [#]} (47. Rxd3 $11 {and White is okay.} a3 48. Rd1) 47... a3 $1 $19 (47... Rc8 48. Rxd3 Rxc7 49. Ra3 $17) 48. Ra1 (48. Rxd3 $2 {too greedy.} a2 49. Rf3+ Ke5 (49... Kg7 $2 50. Ra3 $19) 50. Re3+ Kd4 $19) 48... d2 49. f4 $2 (49. Kf1 $19 Re8 50. f4) 49... Rc8 50. Kf2 Rxc7 0-1

[Event "4NCL Div 1 2024-25"]
[Site "England"]
[Date "2024.11.24"]
[Round "2.26"]
[White "Willow, Jonah B"]
[Black "Waldhausen Gordon, Frederick"]
[Result "1/2-1/2"]
[Annotator "RC"]
[ECO "C70"]
[WhiteElo "2454"]
[BlackElo "2361"]
[PlyCount "172"]
[EventDate "2024.11.23"]
[EventType "team-tourn"]
[EventCountry "ENG"]
[SourceTitle "playchess.com"]
[Source "ChessBase"]
[SourceQuality "1"]
[TimeControl "40/6000+30:3000+30"]

1. e4 e5 2. Nf3 Nc6 3. Bb5 a6 4. Ba4 Nge7 5. Nc3 d6 6. O-O Ng6 7. d4 b5 8. Bb3 Be7 9. dxe5 Ncxe5 10. Nxe5 dxe5 11. Qxd8+ Bxd8 12. Bd5 Rb8 13. Be3 Ne7 14. Ba7 Nxd5 15. Bxb8 Nxc3 16. bxc3 Kd7 17. a4 Kc6 18. axb5+ axb5 19. Ba7 Bg5 20. Rfd1 Be6 21. f3 Bc4 22. Kf2 Be7 23. Be3 Bd6 24. Ra6+ Kb7 25. Ra7+ Kc6 26. Rda1 f6 27. Ra8 Rxa8 28. Rxa8 h6 29. g4 Kd7 30. h4 Ke6 31. Kg3 Kf7 32. Bc1 Bc5 33. Ba3 Bb6 34. Bb4 Ke6 35. Re8+ Kf7 36. Re7+ Kg8 37. g5 hxg5 38. hxg5 Bf7 39. Rd7 Be6 40. Rd8+ Kf7 41. Rf8+ Kg6 42. gxf6 gxf6 43. Be7 Bf7 44. Rb8 Be6 45. Rf8 Bf7 46. f4 exf4+ 47. Kxf4 Ba5 48. Bb4 Bb6 49. Ra8 Bc4 50. Ba5 Bg1 51. Kg3 f5 52. exf5+ Kxf5 53. Bxc7 Ke4 54. Re8+ Kd5 55. Rd8+ Kc6 56. Ba5 Be3 57. Bb4 Kc7 58. Rd1 Kc6 59. Kf3 Bb6 60. Rd6+ Kc7 61. Ke4 Bf2 62. Rf6 Bb6 63. Bd6+ Kb7 64. Be5 Ba2 65. Bd4 Bc7 66. Rg6 Bc4 67. Bc5 Ba2 68. Kd4 Bc4 69. Rh6 Ba2 70. Ke4 Bc4 71. Bb4 Ba2 72. Bd6 Ba5 73. Be5 Bb6 74. Bh2 Bc4 75. Ke5 Bc7+ 76. Kf6 Bd8+ 77. Kg7 Bb6 78. Kf8 Bd5 79. Ke7 Be4 80. Rh5 Kc6 81. Rh6+ Kb7 82. Rf6 Bxc2 83. Kd7 Bb3 84. Rg6 Ba5 85. Bg1 Ba4 86. Kd6 Bxc3 1/2-1/2

[Event "4NCL Div 1 2024-25"]
[Site "England"]
[Date "2024.11.24"]
[Round "2.27"]
[White "Vijayakumar, Rishi"]
[Black "Balaji, Aaravamudhan"]
[Result "1/2-1/2"]
[Annotator "TA"]
[ECO "E90"]
[WhiteElo "2172"]
[BlackElo "2377"]
[PlyCount "131"]
[EventDate "2024.11.23"]
[EventType "team-tourn"]
[EventCountry "ENG"]
[SourceTitle "playchess.com"]
[Source "ChessBase"]
[SourceQuality "1"]
[TimeControl "40/6000+30:3000+30"]

1. d4 Nf6 2. c4 g6 3. Nc3 Bg7 4. e4 d6 5. h3 O-O 6. Be3 c5 7. Nf3 Qa5 8. Qd2 a6 9. Bd3 Nfd7 10. O-O Nc6 {[%emt 0:02:05][%cal Rc5d4] White is slightly better.} 11. Be2 Rb8 12. d5 Nce5 13. Nxe5 Bxe5 14. f4 Bf6 15. a4 Nb6 16. Rfc1 Bd7 17. b3 Na8 {[%emt 0:00:57] [#]} 18. e5 $1 Bg7 19. Ra2 ({White should play} 19. Bg4 $16 Nb6 20. e6 fxe6 21. dxe6 (21. Bxe6+ Bxe6 22. dxe6 Nc8 $11)) 19... dxe5 $11 20. Ne4 Qxd2 21. Rxd2 b6 22. a5 f5 $15 23. Nf2 (23. Ng5 $15 {is superior.} exf4 24. Bxf4) 23... exf4 (23... e4 $1 $17 24. d6 (24. axb6 Rfc8 $17) 24... e6 25. axb6 Rfc8) 24. Bxf4 $11 bxa5 25. Bxb8 Bh6 {[%emt 0:01:07][%cal Bg7h6,Bh6c1,Bc1e3,Be3d4][%mdl 32] Against Bf4} 26. Ra2 Bxc1 27. Ba7 {[%emt 0:01:05] [#]} (27. Bg3 $11) 27... a4 $1 $15 28. bxa4 Be3 29. a5 (29. Rb2 $11) 29... Rc8 (29... Bd4 $15) 30. Rb2 $11 Kf7 31. Bb8 {[%emt 0:01:18][%mdl 1024] White has compensation.} Ke8 32. Kf1 Kd8 (32... Bd4 $11 {keeps the balance.} 33. Rb7 Bc3) 33. Nd3 $16 Bd4 34. Rb7 Ba4 (34... Nc7 $2 35. Ba7 $18) 35. Nf4 (35. Be5 Bxe5 36. Nxe5 Rc7 37. Rb8+ Rc8 38. Rxc8+ Kxc8 $18) 35... Bd7 36. Ne6+ (36. Bd1 $16 {[%cal Ob7d7] aiming for Rxd7+!} Nc7 37. Ba4) 36... Bxe6 $11 37. dxe6 Bc3 ({Black should try} 37... Nc7 $11) 38. Bd1 Bxa5 {[%emt 0:00:31] [#]} (38... Nc7 $1 $14) 39. Bd6 $1 {[%emt 0:00:31][%mdl 512] White has more active pieces.} Bc7 (39... exd6 40. e7+ (40. Rxh7 Rc7 $17) 40... Ke8 41. Ba4+) (39... Nc7 40. Bxc5) 40. Bxc5 {[%emt 0:00:35] Threatens to win with Bf3.} a5 $2 (40... Rb8 $11 {and Black is okay.} 41. Ra7 Nb6) 41. Bf3 Ke8 (41... a4 $142 42. Ke2 (42. Bc6 a3 $18) 42... Ke8) 42. Ra7 $2 ({Only move:} 42. Bc6+ $18 Kf8 43. Ba3) 42... Nb6 $14 43. Bc6+ ({Reject} 43. Rxa5 Nxc4 44. Ra4 Nd2+ 45. Kf2 Nxf3 46. Kxf3 Kf8 $17) 43... Kd8 44. Bb5 {[%emt 0:01:51][%cal Oc5b6] Black must now prevent Bxb6! A strong pair of Bishops.} Rb8 45. Bxb6 $1 (45. Rxa5 $2 {too greedy.} Nxc4 46. Bxe7+ Kxe7 $19) 45... Rxb6 46. Rxa5 $11 {[%emt 0:00:09][%mdl 4096] Endgame. KRB-KRB} Kc8 (46... Rxe6 $2 {is the wrong capture.} 47. Ra8+ $18) 47. Bd7+ Kb7 48. Rb5 Rxb5 49. cxb5 {[%emt 0:00:31] KB-KB} Kb6 50. g4 Kc5 51. gxf5 gxf5 52. Ke2 Kd4 53. Kf3 Ke5 54. h4 Kf6 55. h5 Kg5 (55... h6 $15) 56. Be8 $1 {[%emt 0:00:01] The position is equal.} Bb6 57. Kg3 Ba5 58. Kf3 Kf6 59. Bf7 Ke5 60. Ke3 Bc7 61. Kf3 h6 62. Ke3 Kd5 63. Kf3 Ke5 64. Ke3 Kd5 65. Kf3 Ke5 66. Ke3 {[%emt 0:00:42] Weighted Error Value: White=0.21 (precise) /Black=0.24 (precise) .  Loses game:     	---       	Black=1      Missed win:     	White=1     	---        Mistake:       	White=7     	Black=7      Inaccurate:     	White=2     	Black=3      OK:         	White=21    	Black=18     Best:        	White=3     	Black=2      Strong:       	White=2     	---        Brilliant:      	---       	Black=1} 1/2-1/2